 Dungeon Crawl Stone Soup version 0.17.1-3-g152610e (webtiles) character file.

1462 MrTails the Ruffian (level 8, 0/79 HPs)
             Began as a Troll Monk on Feb 20, 2016.
             Slain by a wasp (4 damage)
             ... on level 5 of the Dungeon.
             The game lasted 00:12:53 (4137 turns).

MrTails the Ruffian (Troll Monk)                    Turns: 4137, Time: 00:12:53

Health: 0/79       AC:  5    Str: 22    XL:     8   Next: 48%
Magic:  7/7        EV: 11    Int:  6    God:
Gold:   220        SH:  0    Dex: 12    Spells: 0 memorised, 7 levels left

rFire  . . .     SeeInvis .       - Unarmed
rCold  . . .     Clarity  .     l - +0 robe
rNeg   . . .     SustAt   .     (no shield)
rPois  .         Gourm    +     (helmet restricted)
rElec  .         Spirit   .     (no cloak)
rCorr  .         Warding  .     (gloves unavailable)
rMut   .         Stasis   .     (boots unavailable)
MR     .....                    (no amulet)
Stlth  ++........               (no ring)
                                (no ring)

@: lethally poisoned (0 -> -1), slowed, very slow, not resistant to hostile
enchantments, unstealthy
A: unfitting armour, claws 3, fast metabolism 3, gourmand, regeneration 2,
shaggy fur 1, tough skin 2
a: no special abilities


You were on level 5 of the Dungeon.
You were full.

You visited 1 branch of the dungeon, and saw 5 of its levels.
You also visited: Ossuary.

You collected 220 gold pieces.

Inventory:

Hand Weapons
 y - a +0 mace
Armour
 a - a +0 robe
 j - a +0 pair of boots
 l - a +0 robe (worn)
 A - a +0 robe
 M - a +0 robe
Jewellery
 h - an uncursed ring of ice {unknown}
 o - a cursed -2 ring of dexterity {unknown}
 r - an uncursed amulet of warding {unknown}
 u - an uncursed ring of flight {unknown}
Scrolls
 c - 3 scrolls of remove curse {unknown}
 d - a scroll of noise {unknown}
 f - a scroll of random uselessness {unknown}
 g - 5 scrolls of teleportation {unknown}
 i - 3 scrolls of amnesia {unknown}
 m - 3 scrolls of enchant weapon {unknown}
 p - a scroll of recharging {unknown}
 q - 2 scrolls of magic mapping {unknown}
 s - 7 scrolls of identify {unknown}
 t - a scroll of immolation {unknown}
 v - a scroll of fear {unknown}
 H - 2 scrolls of fog {unknown}
 J - a scroll of acquirement {unknown}
Potions
 e - 3 potions of heal wounds {unknown}
 k - 5 potions of curing {unknown}
 x - 2 potions of degeneration {unknown}
 z - a potion of cure mutation {unknown}
 B - 3 potions of poison {unknown}
 C - 2 potions of agility {unknown}
 D - 2 potions of lignification {unknown}
 E - 3 potions of haste {unknown}
 F - a potion of invisibility {unknown}
 G - a potion of cancellation {unknown}
 I - a potion of ambrosia {unknown}
 K - a potion of brilliance {unknown}
Comestibles
 b - 5 bread rations
 n - 3 meat rations
 w - 2 beef jerkies


   Skills:
 + Level 4.4 Fighting
 + Level 4.7 Dodging
 + Level 3.4 Stealth
 * Level 7.8 Unarmed Combat


You had 7 spell levels left.
You didn't know any spells.

Dungeon Overview and Level Annotations

Branches:
Dungeon (5/15)
 Temple: D:4-7

Altars:
Dithmenos
Gozag
Vehumet
Zin
The Shining One


Innate Abilities, Weirdness & Mutations

You are too large for most types of armour.
You have claws for hands.
Your metabolism is lightning-fast.
You like to eat raw meat.
You heal very quickly.
You are covered in fur (AC +1).
You have very tough skin (AC +2).


Message History

You feel sick. The wasp barely misses you.
The jackal bites you but does no damage.
The wasp stings you.
* * * LOW HITPOINT WARNING * * *
You feel as though you will be slow longer.
You can move again.
A jackal comes into view.
You feel sick.
The jackal moves out of view.
The jackal bites you but does no damage.
The wasp stings you!
* * * LOW HITPOINT WARNING * * *
You feel as though you will be slow longer.
You feel sick.
The jackal barks!
The jackal bites you but does no damage.
The wasp stings you.
* * * LOW HITPOINT WARNING * * *
You shrug off the repeated paralysis!
The jackal closely misses you.
You feel sick.
The phantom blinks!
The wasp stings you.
You die...

### #.# #.# .## #@#
#..######y#
#.....##.h#### .
#........§h..#.. .
#.......###....#
..###.......#......Z#
.....................
.....................
#.................


You could see a wasp and 2 jackals.

Vanquished Creatures
  Sigmund (D:2)
  A phantom (D:4)
  An ice beast (D:4)
  11 scorpions
  A wight (D:4)
  A hound (D:4)
  An orc priest (D:4)
  A human zombie (Ossuary)
  A giant frog skeleton (D:4)
  2 worker ants (D:4)
  2 orc wizards (D:4)
  3 big kobold zombies (Ossuary)
  A hound skeleton (D:4)
  3 mummies (Ossuary)
  10 adders
  5 scorpion zombies (Ossuary)
  An adder skeleton (D:4)
  A worm (D:2)
  3 giant geckos (D:1)
  7 orcs
  2 ball pythons
  7 bats
  A giant cockroach (D:3)
  14 goblins
  9 hobgoblins
  9 jackals
  A quokka (D:2)
  3 giant newts
  2 gnoll zombies (Ossuary)
  2 hobgoblin zombies (Ossuary)
  6 kobolds
  3 kobold zombies (Ossuary)
  3 orc zombies (Ossuary)
  A quokka zombie (D:4)
  7 rats
  A rat zombie (D:4)
128 creatures vanquished.

Notes
Turn   | Place    | Note
--------------------------------------------------------------
     0 | D:1      | MrTails the Troll Monk began the quest for the Orb.
     0 | D:1      | Reached XP level 1. HP: 22/22 MP: 0/0
   114 | D:1      | Reached XP level 2. HP: 29/29 MP: 1/1
   300 | D:1      | Reached XP level 3. HP: 36/36 MP: 2/2
  1003 | D:2      | Noticed Sigmund
  1022 | D:2      | Killed Sigmund
  1022 | D:2      | Reached skill level 5 in Unarmed Combat
  1022 | D:2      | Reached XP level 4. HP: 34/45 MP: 3/3
  1022 | D:2      | Reached XP level 5. HP: 40/53 MP: 4/4
  1430 | D:2      | Found a radiant altar of Vehumet.
  1454 | D:2      | Reached XP level 6. HP: 61/61 MP: 5/5
  1894 | D:3      | Found a shadowy altar of Dithmenos.
  2155 | D:3      | Found a glowing golden altar of the Shining One.
  2156 | D:3      | Found a glowing silver altar of Zin.
  2646 | D:4      | Found an opulent altar of Gozag.
  2803 | D:4      | Reached skill level 6 in Unarmed Combat
  2831 | D:4      | Found a sand-covered staircase.
  2848 | Ossuary  | Entered an ossuary
  2924 | Ossuary  | Reached XP level 7. HP: 28/67 MP: 6/6
  3240 | Ossuary  | Reached skill level 7 in Unarmed Combat
  3298 | Ossuary  | Reached XP level 8. HP: 49/78 MP: 7/7
  4120 | D:5      | Entered Level 5 of the Dungeon
  4130 | D:5      | Paralysed by a wasp for 1 turns
  4133 | D:5      | Paralysed by a wasp for 2 turns
  4137 | D:5      | Slain by a wasp

Action                   |  1- 3 |  4- 6 |  7- 9 || total
-------------------------+-------+-------+-------++-------
Melee: Unarmed           |    87 |   141 |   148 ||   376
 Stab: Sleeping          |     2 |     6 |     1 ||     9
  Eat: Chunk             |    10 |    17 |    13 ||    40
